 Dungeon Crawl Stone Soup version 0.30-a0-329-g85436e0a43 (webtiles) character file.

Game seed: 4931824338476586952

698 lunkers the Conjurer (level 8, -2/52 (67) HPs)
             Began as a Meteoran Reaver on Oct 28, 2022.
             Was an Initiate of Uskayaw.
             Slain by a hound (3 damage)
             ... on level 5 of the Dungeon.
             The game lasted 00:06:51 (1262 turns).

lunkers the Conjurer (Meteoran Reaver)              Turns: 1262, Time: 00:06:52

HP:   -2/52 (67)    AC:  4    Str: 14    XL:     8   Next: 18%
MP:   5/15          EV: 12    Int: 16    God:    Uskayaw [......]
Gold: 141           SH:  0    Dex: 13    Spells: 9/15 levels left

rFire   + . .      SeeInvis .    a - +1 mace (venom)
rCold   . . .      Faith    .    (no shield)
rNeg    . . .      Spirit   .    i - +2 robe {Will+}
rPois   .          Reflect  .    (no helmet)
rElec   .          Harm     .    (no cloak)
rCorr   .          Rampage  .    (no gloves)
Will    ++...                    (no boots)
Stlth   +.........               (no amulet)
HPRegen 0.28/turn                j - ring of protection from fire
MPRegen 0.14/turn                (no ring)

@: lethally poisoned (-2 -> -4), glowing, heavily drained
A: sense surroundings 1, otherworldly, glowing, explore regen
a: Renounce Religion


You were on level 5 of the Dungeon.
You worshipped Uskayaw.
Uskayaw was noncommittal.
You visited 1 branch of the dungeon, and saw 5 of its levels.

You collected 141 gold pieces.

Inventory:

Hand Weapons
 a - a +1 mace of venom (weapon)
Armour
 b - a +0 leather armour
 i - a +2 robe of willpower (worn)
Jewellery
 d - an amulet of guardian spirit
 j - a ring of protection from fire (left hand)
Wands
 f - a wand of iceblast (16)
 g - a wand of digging (3)
Potions
 c - 3 potions of mutation
 e - a potion of magic {unknown}
 h - 2 potions of haste {unknown}


   Skills:
 + Level 4.3 Fighting
 - Level 4.0 Maces & Flails
 - Level 2.4 Dodging
 - Level 4.3 Spellcasting
 - Level 7.0 Conjurations
 - Level 3.1 Ice Magic
 + Level 3.8 Invocations


You had 9 spell levels left.
You knew the following spells:

 Your Spells              Type           Power      Damage    Failure   Level
b - Momentum Strike       Conj/Tloc      28%        3d8       6%          2
c - Hailstorm             Conj/Ice       19%        3d6       6%          3
p - Kiss of Death         Conj/Necr      56%        2d9       3%          1

Your spell library contained the following spells:

 Spells                   Type           Power      Damage    Failure   Level


Dungeon Overview and Level Annotations

Branches:
Dungeon (5/15) Zot: 1714
 Temple: D:4-7

Altars:
Nemelex Xobeh
Sif Muna
Uskayaw

Shops:
D:4 **


Innate Abilities, Weirdness & Mutations

You passively map a small area around you.
You are easily found by Zot.
You glow in the dark.
You regain HP and MP as you explore.


Message History

The scorpion stings you.
* * * LOW HITPOINT WARNING * * *
The scorpion stings you.
* * * LOW HITPOINT WARNING * * *
You are lethally poisoned!
The scorpion poisons you!
You barely miss the scorpion.
The scorpion is heavily wounded.
* * * LOW HITPOINT WARNING * * *
You feel very sick.
The scorpion stings you but does no damage.
Okay, then.
You stomp with the beat, sending a shockwave through the revellers around you!
The scorpion is almost dead.
You can no longer stomp with the beat.
* * * LOW HITPOINT WARNING * * *
You feel sick. The scorpion stings you.
* * * LOW HITPOINT WARNING * * *
The scorpion misses you.
You can now stomp with the beat.
You stomp with the beat, sending a shockwave through the revellers around you!
You kill the scorpion!
You can no longer stomp with the beat.
* * * LOW HITPOINT WARNING * * *
You feel sick.
Unknown command.
Okay, then.
Unknown command.
Unknown command.
Okay, then.
Okay, then.
Casting: Hailstorm (dangerous; 6% risk of failure)
Confirm with . or Enter, or press ? or * to list all spells.
Aiming: Momentum Strike (safe; 6% risk of failure)
Press: ? - help, Dir - move target, f - hound
Aim: a hound (60% to hit)
The concentrated momentum misses the hound.
* * * LOW HITPOINT WARNING * * *
You feel sick. The hound bites you.
You die...

#...............#####
#.###+##'##+### .....
#.#.....#.....#######
#.#.....#.....#......
#.'##'##+##'##'.#####
#†#..#.....#.†###
#.#..#+###+#..#
#.#..#.....#..# *
#.+.@h.._..+..+,,
#?#..#.....#..# * *
#.#..#+###+#..#
#.#..#, , #..# *
#.+##+**+ *+##+ , , *
* * * * ** , , ,###


You could see a hound.

Vanquished Creatures
  Sigmund (D:3)
  Duvessa (D:4)
  An ice beast (D:5)
  A phantom (D:5)
  2 scorpions (D:5)
  Dowan (D:4)
  A hound (D:5)
  2 iguanas
  An orc wizard (D:4)
  An adder (D:4)
  A dart slug (D:5)
  7 orcs
  2 endoplasms
  2 giant cockroaches (D:1)
  3 goblins
  2 hobgoblins (D:4)
  A kobold (D:2)
  A quokka (D:2)
  4 ball pythons
  2 frilled lizards
  2 rats (D:3)
39 creatures vanquished.

Vanquished Creatures (others)
  A phantom (D:4)
  A necrophage (D:4)
  A scorpion (D:5)
  An orc wizard (D:3)
  An adder (D:4)
  An orc (D:3)
  A goblin (D:2)
  A quokka (D:2)
  3 ball pythons (D:1)
  A bat (D:2)
  2 frilled lizards (D:1)
14 creatures vanquished.

Grand Total: 53 creatures vanquished

Notes
Turn   | Place    | Note
-------+----------+-------------------------------------------
     0 | D:1      | lunkers the Meteoran Reaver began the quest for the Orb.
     0 | D:1      | Reached XP level 1. HP: 17/17 MP: 5/5
    30 | D:1      | Reached skill level 4 in Conjurations
    30 | D:1      | Reached XP level 2. HP: 15/24 MP: 6/6
    33 | D:1      | Learned a level 2 spell: Momentum Strike
   443 | D:3      | Noticed Sigmund
   456 | D:3      | Killed Sigmund
   457 | D:3      | Reached skill level 5 in Conjurations
   457 | D:3      | Reached XP level 3. HP: 2/29 MP: 0/9
   457 | D:3      | Reached XP level 4. HP: 3/36 MP: 0/11
   457 | D:3      | Reached XP level 5. HP: 4/41 MP: 0/12
   461 | D:3      | Learned a level 3 spell: Hailstorm
   727 | D:4      | Found Wiacojod's General Store.
   745 | D:4      | Noticed a phantom
   751 | D:4      | Noticed a necrophage
   753 | D:4      | Killed a phantom
   754 | D:4      | Reached skill level 6 in Conjurations
   759 | D:4      | Killed a necrophage
   760 | D:4      | Reached skill level 1 in Ice Magic
   760 | D:4      | Reached XP level 6. HP: 33/48 MP: 9/13
   766 | D:4      | Found a hide-covered altar of Uskayaw.
   791 | D:4      | Became a worshipper of Uskayaw the Reveller
   879 | D:4      | Reached * piety under Uskayaw
   880 | D:4      | Reached ** piety under Uskayaw
   889 | D:4      | Found Ijaq's Assorted Antiques.
   896 | D:4      | Noticed Dowan
   896 | D:4      | Noticed Duvessa
   899 | D:4      | Killed Dowan
   902 | D:4      | Reached *** piety under Uskayaw
   904 | D:4      | Killed Duvessa
   905 | D:4      | Reached skill level 7 in Conjurations
   905 | D:4      | Reached XP level 7. HP: 29/46 MP: 6/14
  1108 | D:4      | Found a shimmering blue altar of Sif Muna.
  1123 | D:5      | Entered Level 5 of the Dungeon
  1155 | D:5      | Reached skill level 1 in Invocations
  1217 | D:5      | Reached XP level 8. HP: 11/47 MP: 10/15
  1254 | D:5      | Found a sparkling altar of Nemelex Xobeh.
  1261 | D:5      | HP: 2/48 [poisoned by a scorpion]
  1262 | D:5      | Slain by a hound

Illustrated notes

Levels and vault maps discovered:
D:1:      spicycebolla_arrival_clurvy, layout_basic
D:2:      layout_rooms, shapermc_ecumenical_altar_ellora, chequers_mini_garden,
          roderic_roman_lattice
D:3:      layout_loops_corners, uniq_sigmund
D:4:      layout_loops_ring, kennysheep_mini, eat_drink_and_be_merry_uskayaw,
          serial_shops, nicolae_shop_hallway_plus, shop, uniq_blork_the_orc,
          uniq_duvessa
D:5:      layout_loops_ring, mainiacjoe_overflow_24_doors, lemuel_doored_altar,
          zin_angel, minmay_temple_entry_fiery, serial_shops, shop

Skill      XL: |  1  2  3  4  5  6  7 |
---------------+----------------------+-----
Conjurations   | 4 5 6 7 |  7.0
Spellcasting   | 4 |  4.3
Ice Magic      | 1 3 |  3.1
Fighting       | 4 |  4.3
Invocations    | 3 |  3.8
Maces & Flails | |  4.0
Dodging        | |  2.4

Action                   |  1- 3 |  4- 6 |  7- 9 || total
-------------------------+-------+-------+-------++-------
Melee: Mace              |    41 |    26 |    53 ||   120
       Punch             |       |       |     1 ||     1
 Cast: Momentum Strike   |    11 |     9 |     3 ||    23
       Kiss of Death     |     2 |     2 |     3 ||     7
       Hailstorm         |       |       |     2 ||     2
Invok: Stomp             |       |       |     3 ||     3
Evoke: Wand              |       |     2 |       ||     2
  Use: Scroll            |     3 |     1 |     2 ||     6
       Potion            |     2 |       |     1 ||     3
 Stab: Paralysed         |       |     1 |     1 ||     2
Armor: Leather armour    |    14 |     7 |     8 ||    29
       Robe              |       |       |     3 ||     3
Dodge: Dodged            |    29 |    10 |    39 ||    78

Table legend: (Time is in decaauts)
 A = Elapsed time spent in this place.
 B = Non-inter-level travel time spent in this place.
 C = Inter-level travel time spent in this place.
 D = Time resting spent in this place.
 E = Time spent auto-exploring this place.
 F = Levels seen in this place.
 G = Mean time per level.
                   A        B        C        D        E       F      G
               +--------+--------+--------+--------+--------+-----+--------+
         Total |   1284 |   1224 |     60 |      0 |    696 |   5 |  256.8 |
       Dungeon |   1284 |   1224 |     60 |      0 |    696 |   5 |  256.8 |
               +--------+--------+--------+--------+--------+-----+--------+

Top non-repeatable levels by time:
     D:3: 416 daAuts
     D:4: 405 daAuts
     D:2: 193 daAuts
     D:5: 143 daAuts
     D:1: 126 daAuts
